 Dungeon Crawl Stone Soup version 0.31-a0-210-gccc998df9b (webtiles) character file.

Game seed: 14913295957291644396

45 qw the Shooter (level 3, -2/21 HPs)
             Began as a Gargoyle Hexslinger on June 29, 2023.
             Slain by a worm (4 damage)
             ... on level 2 of the Dungeon.
             The game lasted 00:00:23 (760 turns).

qw the Shooter (Gargoyle Hexslinger)                 Turns: 760, Time: 00:00:24

Health: -2/21      AC:  9    Str: 11    XL:     3   Next: 64%
Magic:  4/4        EV: 10    Int: 13    God:
Gold:   102        SH:  0    Dex: 14    Spells: 3/4 levels left

rFire   . . .        a - +1 sling
rCold   . . .        (no shield)
rNeg    + . .        d - +0 ring mail
rPois   inf          (no helmet)
rElec   +            (no cloak)
rCorr   .            (no gloves)
SInv    .            e - +0 pair of boots
Will    .....        (no amulet)
Stlth   +            (no ring)
HPRegen 0.23/turn    (no ring)
MPRegen 0.09/turn

%: no passive effects
@: no status effects
A: sickness immunity, AC +3, negative energy resistance 1, electricity
resistance, torment resistance 1, petrification resistance
a: no special abilities


You were on level 2 of the Dungeon.
You visited 1 branch of the dungeon, and saw 2 of its levels.

You collected 102 gold pieces.


Innate Abilities, Weirdness & Mutations

You are immune to sickness and miasma.
Your stone body is resilient. (AC +3)
You are immune to poison.
You resist negative energy. (rN+)
You are resistant to electric shocks. (rElec)
You are resistant to unholy torment.
You are immune to petrification.


   Skills:
 - Level 2.0 Fighting
 + Level 3.2 Ranged Weapons
 - Level 1.1 Armour
 - Level 1.5 Dodging
 - Level 1.0 Spellcasting
 - Level 2.6 Hexes


You had 3 spell levels left.
You knew the following spells:

 Your Spells              Type           Power      Damage    Failure   Level
a - Slow                  Hex            28%        N/A       22%         1

Your spell library contained the following spells:

 Spells                   Type           Power      Damage    Failure   Level
 Inner Flame              Hex/Fire       4%         N/A       75%         3
 Portal Projectile        Hex/Tloc       8%         N/A       75%         3
 Cause Fear               Hex            3%         N/A       91%         4

Inventory:

Hand Weapons
 a - a +1 sling (weapon)
Armour
 c - a +0 cloak
 d - a +0 ring mail (worn)
 e - a +0 pair of boots (worn)
Potions
 b - a potion of berserk rage {unknown}

Dungeon Overview and Level Annotations

Branches:
Dungeon (2/15)

Altars:


Message History

You shoot a sling bullet. The sling bullet hits the adder.
The adder is severely wounded.
The adder bites you. The adder closely misses you.
The worm bites you but does no damage.
You shoot a sling bullet. The sling bullet hits the adder.
The adder is almost dead.
The adder barely misses you. The adder bites you but does no damage.
You shoot a sling bullet. The sling bullet hits the adder.
You kill the adder!
The worm bites you but does no damage.
You shoot a sling bullet. The sling bullet hits the worm.
The worm is heavily wounded.
The worm completely misses you.
You shoot a sling bullet. The sling bullet hits the worm.
The worm is heavily wounded.
The worm barely misses you.
You shoot a sling bullet. The sling bullet hits the worm.
The worm is heavily wounded.
The worm bites you but does no damage.
You shoot a sling bullet. The sling bullet hits the worm.
The worm is severely wounded.
The worm bites you.
You shoot a sling bullet.
The sling bullet barely misses the worm.
The worm closely misses you.
You shoot a sling bullet. The sling bullet hits the worm.
The worm is severely wounded.
You shoot a sling bullet. The sling bullet hits the worm.
The worm is severely wounded.
The worm bites you but does no damage.
You shoot a sling bullet. The sling bullet hits the worm.
The worm is severely wounded.
The worm barely misses you.
You shoot a sling bullet.
The sling bullet barely misses the worm.
The worm bites you.
You shoot a sling bullet. The sling bullet hits the worm.
The worm is almost dead.
The worm bites you.
You die...

$.... . .... .#. ...###..
...#..... #..#.##..
##.###.......#
#....w......# #@....###
#........ # #...#.##. ##
..#.####.#.#..# #.
#.....#).#..#.#.# #.#
#......#..#...# #.#
##..##........# #..
......##.......### #..
###..............######..


You could see a worm.

Vanquished Creatures
  2 adders (D:2)
  A ball python (D:1)
  A bat (D:1)
  A giant cockroach (D:1)
  5 goblins
  3 hobgoblins (D:1)
  5 kobolds
  A quokka (D:1)
  A frilled lizard (D:1)
  4 rats (D:1)
24 creatures vanquished.

Notes
Turn   | Place    | Note
-------+----------+-------------------------------------------
     0 | D:1      | qw the Gargoyle Hexslinger began the quest for the Orb.
     0 | D:1      | Reached XP level 1. HP: 12/12 MP: 2/2
     0 | D:1      | 0 ||| qw: Version: 0.3-a-24-g62f9e04
     0 | D:1      | 0 ||| qw: Game counter: 6649
     0 | D:1      | 0 ||| qw: Melee chars always use a shield: true
     0 | D:1      | 0 ||| qw: God list: Okawaru
     0 | D:1      | 0 ||| qw: Allow faded altars: false
     0 | D:1      | 0 ||| qw: Do Orc after clearing Dungeon:15 true
     0 | D:1      | 0 ||| qw: Do second Lair branch before Depths: true
     0 | D:1      | 0 ||| qw: Lair rune preference: random
     0 | D:1      | 0 ||| qw: Goals: Normal
     0 | D:1      | 0 ||| PLANNING D:1-11
   116 | D:1      | HP: 2/12 [quokka (3)]
   121 | D:1      | Reached XP level 2. HP: 3/16 MP: 3/3
   340 | D:1      | Reached skill level 3 in Ranged Weapons
   580 | D:1      | 580 ||| UPGRADING to +0 ring mail.
   590 | D:1      | 590 ||| DROPPING +0 robe.
   591 | D:1      | 591 ||| UPGRADING to +0 pair of boots.
   596 | D:1      | 596 ||| DROPPING +6 ring of intelligence.
   597 | D:1      | 597 ||| DROPPING scroll of poison.
   664 | D:2      | Reached XP level 3. HP: 21/21 MP: 4/4
   686 | D:2      | Reached skill level 1 in Armour
   745 | D:2      | HP: 5/21 [worm (7)]
   748 | D:2      | HP: 2/21 [adder (2)]
   754 | D:2      | HP: 2/21 [worm (1)]
   759 | D:2      | HP: 2/21 [worm (2)]
   760 | D:2      | Slain by a worm

Levels and vault maps discovered:
D:1:      eino_arrival_druids_welcome, layout_loops_cross
D:2:      layout_rooms, glass_columns_b, grunt_decor_arrowhead,
          minmay_misc_feat_ornament

Skill      XL: |  1  2  3 |
---------------+----------+-----
Ranged Weapons | 3 |  3.2
Fighting       | 2 |  2.0
Armour         | 1 |  1.1
Dodging        | |  1.5
Spellcasting   | |  1.0
Hexes          | |  2.6

Action                     || total
---------------------------++-------
   Fire: Sling             ||   116
 Armour: Robe              ||    10
         Ring mail         ||    37
  Dodge: Dodged            ||    54

Table legend:
 A = Non-vault XP
 B = Vault XP
 C = Vault XP percentage of total XP
 D = Non-vault monster count
 E = Vault monster count
 F = Vault count percentage of total count
                 A         B        C        D         E       F
            +---------+---------+-------+---------+---------+-------
      Total |      65 |       0 |   0.0 |      24 |       0 |   0.0
            +---------+---------+-------+---------+---------+-------
        D:1 |      31 |       0 |   0.0 |      19 |       0 |   0.0
        D:2 |      34 |       0 |   0.0 |       5 |       0 |   0.0
            +---------+---------+-------+---------+---------+-------
